 Dungeon Crawl Stone Soup version 0.27-a0-1139-g28e009f8a6 (webtiles) character file.

Game seed: 2749955603676754208

20 HoaS the Twirler (level 2, -2/17 HPs)
             Began as a Tengu Gladiator on May 7, 2021.
             Slain by a goblin
             ... wielding a +0 club
             ... led by Robin
              (3 damage)
             ... on level 1 of the Dungeon.
             The game lasted 00:01:19 (816 turns).

HoaS the Twirler (Tengu Gladiator)                   Turns: 816, Time: 00:01:20

Health: -2/17      AC:  3    Str: 14    XL:     2   Next: 79%
Magic:  0/3        EV: 12    Int:  8    God:
Gold:   33         SH:  0    Dex: 15    Spells: 1/1 levels left

rFire    . . .     SeeInvis .   a - +0 quarterstaff
rCold    . . .     Faith    .   (shield currently unavailable)
rNeg     . . .     Spirit   +   b - +0 leather armour
rPois    .         Reflect  .   c - +0 hat
rElec    .         Harm     .   (no cloak)
rCorr    .         Rampage  .   (no gloves)
Will     .....                  (boots unavailable)
Stlth    +.........             h - amulet of guardian spirit
HPRegen  0.05/turn              (no ring)
MPRegen  0.08/turn              (no ring)

@: no status effects
A: beak, talons 3
a: no special abilities


You were on level 1 of the Dungeon.
You visited 1 branch of the dungeon, and saw 2 of its levels.

You collected 33 gold pieces.

Inventory:

Hand Weapons
 a - a +0 quarterstaff (weapon)
Missiles
 d - 3 throwing nets (quivered)
 g - 18 bolts
Armour
 b - a +0 leather armour (worn)
 c - a +0 hat (worn)
Jewellery
 h - an amulet of guardian spirit (around neck)
Scrolls
 e - 3 scrolls of acquirement {unknown}
 f - a scroll of holy word {unknown}
 i - a scroll of blinking {unknown}


   Skills:
 - Level 2.0 Fighting
 + Level 4.4 Staves
 - Level 2.0 Throwing
 - Level 3.2 Dodging


You had one spell level left.
You didn't know any spells.
Your spell library was empty.

Dungeon Overview and Level Annotations

Branches:
Dungeon (2/15)

Altars:


Innate Abilities, Weirdness & Mutations

You have a beak for a mouth.
You have claws for feet.


Message History

A goblin comes into view. It is wielding a +0 club.
The hobgoblin hits you.
A goblin comes into view. It is wielding a +0 club.
You closely miss the goblin. You peck the goblin.
The goblin is heavily wounded.
The goblin hits you with a +0 dagger. The hobgoblin closely misses you.
A goblin comes into view.
It is wielding a +1 dagger of protection.
The goblin misses you. The hobgoblin barely misses you.
You climb upwards.
There is a stone staircase leading down here.
You closely miss the goblin. Your kick misses the goblin.
The goblin is heavily wounded.
The goblin barely misses you. The hobgoblin closely misses you.
You sock the goblin!
You kill the goblin!
The hobgoblin hits you but does no damage.
You hit the hobgoblin. Your kick misses the hobgoblin. You peck the hobgoblin.
The hobgoblin is moderately wounded.
The hobgoblin closely misses you.
You sock the hobgoblin!
You kill the hobgoblin!
No target in view!
You start resting.
Magic restored.
You climb downwards.
A goblin comes into view.
It is wielding a +0 dagger of electrocution.
The goblin shouts!
You hear a shout!
A goblin comes into view. It is wielding a +0 club.
The goblin hits you with a +0 club. x2; The orc hits you with a +0 short sword.
The goblin closely misses you.
There is a stone staircase leading up, spattered with blood here.
The goblin hits you with a +0 club. The goblin closely misses you.
The orc closely misses you. The goblin misses you. The hobgoblin hits you.
* * * LOW HITPOINT WARNING * * *
You climb upwards.
There is a stone staircase leading down here.
The goblin hits you but does no damage. The hobgoblin hits you.
* * * LOW HITPOINT WARNING * * *
The goblin hits you with a +0 club.
You die...

####..#####.............###...#.#
#..# ####...........##.....#
#..## ###..#####......#...
##..### ##.....#.....#####
#....########.###.......####.
#.#.........o........#.......
####.#.........g>...............
##....#.........gg..########.....
#..####.........@g..#### #.....
#.## #................## ##...>.
..# #####..##...####..###.....#
.## ######.......# ##.........#
.# #.......#...## #.....##### ##
#####.....#.# #.###...# # #
#######..#....# ##.#####.###
####........#..### ##..........#
..#..##.....##..## ##...........#


You could see an orc, a hobgoblin and 3 goblins.

Vanquished Creatures
  4 ball pythons (D:1)
  2 bats (D:1)
  2 giant cockroaches (D:1)
  4 goblins (D:1)
  3 hobgoblins (D:1)
  A frilled lizard (D:1)
  A kobold (D:1)
  2 rats (D:1)
19 creatures vanquished.

Notes
Turn   | Place    | Note
-------+----------+-------------------------------------------
     0 | D:1      | HoaS the Tengu Gladiator began the quest for the Orb.
     0 | D:1      | Reached XP level 1. HP: 12/12 MP: 2/2
   230 | D:1      | Found a faded altar of an unknown god.
   248 | D:1      | Reached XP level 2. HP: 15/17 MP: 3/3
   443 | D:1      | Reached skill level 4 in Staves
   816 | D:1      | Slain by a goblin

Illustrated notes

Levels and vault maps discovered:
D:1:      nicolae_arrival_washed_ashore, layout_rooms,
          chequers_ecumenical_altar_island
D:2:      layout_basic, basic_altar, uniq_robin, uniq_jessica, uniq_terence

Skill      XL: |  1  2 |
---------------+-------+-----
Staves         | 4 |  4.4
Fighting       | |  2.0
Throwing       | |  2.0
Dodging        | |  3.2

Action                   || total
-------------------------++-------
Melee: Quarterstaff      ||    38
       Kick              ||     7
       Peck              ||     4
Armor: Leather armour    ||     7
Dodge: Dodged            ||    42

Table legend: (Time is in decaauts)
 A = Elapsed time spent in this place.
 B = Non-inter-level travel time spent in this place.
 C = Inter-level travel time spent in this place.
 D = Time resting spent in this place.
 E = Time spent auto-exploring this place.
 F = Levels seen in this place.
 G = Mean time per level.
                   A        B        C        D        E       F      G
               +--------+--------+--------+--------+--------+-----+--------+
         Total |    823 |    802 |     21 |    318 |    360 |   2 |  411.5 |
       Dungeon |    823 |    802 |     21 |    318 |    360 |   2 |  411.5 |
               +--------+--------+--------+--------+--------+-----+--------+

Top non-repeatable levels by time:
     D:1: 815 daAuts
     D:2: 8 daAuts
